 Dungeon Sprint DCSS version 0.20.1-1-g8b1a95d (webtiles) character file.

140 potatolord6000 the Magician (level 5, -3/32 HPs)
             Began as a Deep Elf Fire Elementalist on Sept 7, 2017.
             Was an Elder of Vehumet.
             Slain by a swamp dragon (5 damage)
             ... in the Dungeon (Sprint VII: "The Pits").
             The game lasted 00:12:03 (1013 turns).

potatolord6000 the Magician (DEFE)                  Turns: 1013, Time: 00:12:04

Health: -3/32      AC:  2    Str:  5    XL:     5   Next: 2%
Magic:  2/16       EV: 13    Int: 21    God:    Vehumet [****..]
Gold:   0          SH:  0    Dex: 15    Spells: 2/17 levels left

rFire    . . .     SeeInvis .   k - staff of energy
rCold    . . .     Gourm    .   (no shield)
rNeg     . . .     Faith    .   a - +0 robe
rPois    .         Spirit   .   (no helmet)
rElec    .         Reflect  .   (no cloak)
rCorr    .         Harm     .   (no gloves)
MR       .....     NoTele   +   (no boots)
Stlth    ++........             (no amulet)
Regen    0.1/turn               (no ring)
MPRegen  0.2/turn               (no ring)

@: very slightly contaminated
A: no striking features
a: Renounce Religion


You were in the Dungeon.
You worshipped Vehumet.
Vehumet was greatly pleased with you.
You were completely stuffed.

You visited 1 branch

Inventory:

Armour
 a - a +0 robe (worn)
Magical Staves
 k - an uncursed staff of energy (weapon)
Scrolls
 l - 3 scrolls of remove curse
 m - 5 scrolls of amnesia
 n - a scroll of summoning
Potions
 d - 6 potions of curing
 e - 6 potions of heal wounds
 g - 4 potions of magic
 h - 2 potions of berserk rage
 j - a potion of invisibility
Books
 b - a book of Flames

   Spells                             Type                      Level
   a - Flame Tongue                   Conjuration/Fire             1
   b - Throw Flame                    Conjuration/Fire             2
   c - Conjure Flame                  Conjuration/Fire             3
   d - Inner Flame                    Hexes/Fire                   3
   e - Sticky Flame                   Conjuration/Fire             4
   f - Fireball                       Conjuration/Fire             5
Comestibles
 c - 8 bread rations
 o - 40 fruits
 p - 5 meat rations


   Skills:
 + Level 3.3 Fighting
 + Level 4.2 Staves
 - Level 2.7 Dodging
 - Level 2.4 Stealth
 + Level 6.5 Spellcasting
 + Level 4.8 Conjurations
 + Level 6.0 Fire Magic


You had 2 spell levels left.
You knew the following spells:

 Your Spells              Type           Power        Failure   Level  Hunger
a - Flame Tongue          Conj/Fire      ####.        1%          1    None
b - Throw Flame           Conj/Fire      ####..       1%          2    None
c - Conjure Flame         Conj/Fire      ####....     1%          3    None
d - Sticky Flame          Conj/Fire      ####....     2%          4    None
e - Fireball              Conj/Fire      ####......   8%          5    None


Dungeon Overview and Level Annotations

Branches:
Dungeon (1/1)

Altars:
Ashenzari
Cheibriados
Dithmenos
Elyvilon
Fedhas
Gozag
Hepliaklqana
Kikubaaqudgha
Makhleb
Nemelex Xobeh
Okawaru
Qazlal
Ru
Sif Muna
Trog
Uskayaw
Vehumet
Xom
Yredelemnul
Zin
The Shining One
Beogh
Jiyva
Lugonu


Message History

Casting: Conjure Flame
Confirm with . or Enter, or press ? or * to list all spells.
Aiming: Conjure Flame
Press: ? - help, Dir - move target cursor The fire ignites!
The swamp dragon is engulfed in blazing flames.
The swamp dragon barely misses you. The swamp dragon closely misses you.
The swamp dragon barely misses you. The swamp dragon closely misses you.
The swamp dragon claws you. The swamp dragon closely misses you.
The swamp dragon closely misses you. The swamp dragon completely misses you.
The swamp dragon tramples you.
You hold your ground!
The swamp dragon bites you! The swamp dragon claws you!
The swamp dragon misses you. The swamp dragon bites you!
* * * LOW HITPOINT WARNING * * *
The swamp dragon claws you.
* * * LOW HITPOINT WARNING * * *
The swamp dragon tramples you.
You die...

#.#..[)))..##.......#
#'###########.......#
#.[.รท.).# #########
#..#.#..# #.##.##.#
#.......#+#
#.##.##.#.+
#..#.#.D#'#
#.....@.'.#
###########


You could see a swamp dragon.

Vanquished Creatures
  A gnoll shaman (D)
  Crazy Yiuf (D)
  3 gnolls (D)
  3 river rats (D)
  An ufetubus (D)
  An ooze (D)
  An adder skeleton (D)
  2 giant cockroaches (D)
  A hobgoblin (D)
  2 jackals (D)
  A quokka (D)
  A giant cockroach zombie (D)
  2 kobolds (D)
20 creatures vanquished.

Notes
Turn   | Place    | Note
-------+----------+-------------------------------------------
     0 | D        | potatolord6000 the Deep Elf Fire Elementalist began the quest for the Orb.
     0 | D        | Reached XP level 1. HP: 10/10 MP: 6/6
    48 | D        | Found a bloodstained altar of Trog.
    48 | D        | Found a deep blue altar of Sif Muna.
    48 | D        | Found a viscous altar of Jiyva.
    48 | D        | Found a hazy altar of Hepliaklqana.
    48 | D        | Found an opulent altar of Gozag.
    49 | D        | Found a glowing golden altar of the Shining One.
    49 | D        | Found a glowing silver altar of Zin.
    49 | D        | Found a basalt altar of Yredelemnul.
    49 | D        | Found a shimmering altar of Xom.
    49 | D        | Found a sacrificial altar of Ru.
    49 | D        | Found a stormy altar of Qazlal.
    49 | D        | Found an iron altar of Okawaru.
    49 | D        | Found a sparkling altar of Nemelex Xobeh.
    49 | D        | Found a burning altar of Makhleb.
    49 | D        | Found a blossoming altar of Fedhas.
    49 | D        | Found a white marble altar of Elyvilon.
    49 | D        | Found a shadowy altar of Dithmenos.
    49 | D        | Found a snail-covered altar of Cheibriados.
    51 | D        | Found a radiant altar of Vehumet.
    51 | D        | Found a corrupted altar of Lugonu.
    51 | D        | Found a roughly hewn altar of Beogh.
    52 | D        | Found a hide-covered altar of Uskayaw.
    52 | D        | Found an ancient bone altar of Kikubaaqudgha.
    52 | D        | Found a shattered altar of Ashenzari.
    59 | D        | Became a worshipper of Vehumet
   108 | D        | Reached skill level 1 in Staves
   109 | D        | Reached * piety under Vehumet
   109 | D        | Offered knowledge of Magic Dart by Vehumet.
   109 | D        | Reached skill level 1 in Fighting
   109 | D        | Reached XP level 2. HP: 16/16 MP: 5/8
   113 | D        | Learned a level 2 spell: Throw Flame
   196 | D        | Reached ** piety under Vehumet
   213 | D        | Reached XP level 3. HP: 8/21 MP: 3/11
   214 | D        | HP: 1/31 [gnoll (7)]
   215 | D        | Reached skill level 5 in Spellcasting
   215 | D        | Reached skill level 5 in Fire Magic
   216 | D        | Reached *** piety under Vehumet
   240 | D        | Reached XP level 4. HP: 4/27 MP: 4/13
   522 | D        | Learned a level 3 spell: Conjure Flame
   527 | D        | Learned a level 4 spell: Sticky Flame
   531 | D        | Offered knowledge of Searing Ray by Vehumet.
   555 | D        | Noticed Crazy Yiuf
   666 | D        | Reached **** piety under Vehumet
   748 | D        | Killed Crazy Yiuf
   748 | D        | Offered knowledge of Dazzling Spray by Vehumet.
   908 | D        | Offered knowledge of Fulminant Prism by Vehumet.
   908 | D        | Reached XP level 5. HP: 23/32 MP: 16/16
   917 | D        | Learned a level 5 spell: Fireball
   993 | D        | Noticed a swamp dragon
  1013 | D        | Slain by a swamp dragon

Skill      XL: |  1  2  3  4 |
---------------+-------------+-----
Staves         | 1 2 3 4 |  4.2
Conjurations   | 2 3 4 |  4.8
Fighting       | 1 2 3 |  3.3
Fire Magic     | 4 5 6 |  6.0
Spellcasting   | 4 5 6 |  6.5
Dodging        | |  2.7
Stealth        | |  2.4

Action                   |  1- 3 |  4- 6 || total
-------------------------+-------+-------++-------
Melee: Unarmed           |     4 |       ||     4
       Staff             |    14 |     7 ||    21
 Cast: Flame Tongue      |    18 |    15 ||    33
       Throw Flame       |     2 |     8 ||    10
       Conjure Flame     |       |     3 ||     3
       Sticky Flame      |       |     1 ||     1
       Fireball          |       |     2 ||     2
  Use: Potion            |     2 |     1 ||     3
       Scroll            |       |     1 ||     1
  Eat: Meat ration       |       |     2 ||     2
Armor: Robe              |     6 |       ||     6
Dodge: Dodged            |    15 |    15 ||    30
